 Dungeon Crawl Stone Soup version 0.27-a0-1324-ge0d8e047f6 (webtiles) character file.

Game seed: 15675395874585228207

175716 bjtr the Basher (level 18, -8/112 HPs)
             Began as a Gargoyle Venom Mage on June 22, 2021.
             Was a High Priest of Vehumet.
             Mangled by a +1 halberd of freezing (11 damage)
             ... on level 2 of the Elven Halls on June 24, 2021.
             The game lasted 04:39:41 (44916 turns).

bjtr the Basher (Gargoyle Venom Mage)              Turns: 44916, Time: 04:39:43

Health: -8/112     AC: 35    Str: 17    XL:     18   Next: 10%
Magic:  32/34      EV: 11    Int: 28    God:    Vehumet [*****.]
Gold:   2353       SH:  7    Dex: 10    Spells: 3/41 levels left

rFire    + + .     SeeInvis +   a - +10 flail of the Nexus {speed, Int+3}
rCold    + . .     Faith    .   L - +2 buckler
rNeg     + . .     Spirit   .   K - +3 scale mail of Okawaru's Indignation {rPois rF+ rCorr Str-3}
rPois    ∞         Reflect  .   w - +0 helmet {Int+3}
rElec    +         Harm     .   o - +2 cloak {Will+}
rCorr    +         Rampage  .   y - +1 pair of gloves
Will     +++..                  f - +2 pair of boots {Stlth+}
Stlth    +++.......             S - amulet "Arimodik" {Acrobat rF+ rC+}
HPRegen  0.28/turn              O - ring "Zeomoxt" {rElec rPois Str+6 SInv}
MPRegen  0.24/turn              p - ring of willpower

@: about to teleport, flying
A: sickness immunity, AC +13, big wings, negative energy resistance 1,
electricity resistance, torment resistance 1, petrification resistance
a: Renounce Religion


You were on level 2 of the Elven Halls.
You worshipped Vehumet.
Vehumet was extremely pleased with you.
You visited 6 branches of the dungeon, and saw 28 of its levels.
You also visited: Volcano.

You collected 3929 gold pieces.
You spent 1576 gold pieces at shops.

Inventory:

Hand Weapons
 a - the +10 flail of the Nexus (weapon) {speed, Int+3}
   (You found it on level 10 of the Dungeon)

   Attacks with this weapon are significantly faster.
   It affects your intelligence (+3).
 b - a +5 hand crossbow of flaming
 H - a +1 double sword of draining
 N - the +10 war axe of Beogh's Pride {flame, Will+}
   (You found it on level 1 of the Snake Pit)

   It has been specially enchanted to burn those struck by it, causing extra
   injury to most foes and up to half again as much damage against particularly
   susceptible opponents.
   Big, fiery blades are also staple armaments of hydra-hunters.
   It increases your willpower.
Missiles
 d - 2 silver javelins (quivered)
 h - 226 bolts
 k - 8 datura-tipped darts
 n - 4 curare-tipped darts
Armour
 f - a +2 pair of boots of stealth (worn)
 o - a +2 cloak of willpower (worn)
 w - a +0 helmet of intelligence (worn)
 y - a +1 pair of gloves (worn)
 J - a +2 helmet
 K - the +3 scale mail of Okawaru's Indignation (worn) {rPois rF+ rCorr Str-3}
   (You found it on level 4 of the Lair of Beasts)

   It affects your strength (-3).
   It protects you from fire.
   It protects you from poison.
   It protects you from acid and corrosion.
 L - a +2 buckler (worn)
Jewellery
 m - the amulet "Nudillimp" {rElec rC+ Regen+}
   (You found it on level 6 of the Lair of Beasts)

   [amulet of regeneration]

   It protects you from cold.
   It insulates you from electricity.
   It increases your rate of health regeneration.
 p - a ring of willpower (right hand)
 x - a ring of positive energy
 B - a +4 ring of evasion
 F - a ring of protection from cold
 O - the ring "Zeomoxt" (left hand) {rElec rPois Str+6 SInv}
   (You found it on level 5 of the Lair of Beasts)

   [ring of strength]

   It affects your strength (+6).
   It insulates you from electricity.
   It protects you from poison.
   It lets you see invisible.
 P - the ring "Ciamm" {Contam rF+ rC+ rN+++}
   (You found it on level 1 of the Snake Pit)

   [ring of protection from cold]

   It protects you from fire.
   It protects you from cold.
   It renders you almost immune to negative energy.
   It causes magical contamination when unequipped.
 R - a +4 ring of protection
 S - the amulet "Arimodik" (around neck) {Acrobat rF+ rC+}
   (You took it off a kobold brigand on level 8 of the Dungeon)

   [amulet of the acrobat]

   It increases your evasion while moving and waiting.
   It protects you from fire.
   It protects you from cold.
Wands
 i - a wand of iceblast (71)
 q - a wand of digging (5)
 r - a wand of paralysis (8)
 s - a wand of mindburst (33)
 C - a wand of acid (33)
Scrolls
 c - 2 scrolls of magic mapping
 t - a scroll of fog
 u - a scroll of blinking
 v - 4 scrolls of summoning
 M - a scroll of fear
 Q - a scroll of amnesia
 W - 13 scrolls of teleportation
 X - 5 scrolls of identify
 Z - a scroll of holy word
Potions
 e - a potion of brilliance
 g - a potion of invisibility
 j - 7 potions of curing
 l - a potion of berserk rage
 z - a potion of magic
 D - a potion of haste
 E - 2 potions of might
 G - a potion of ambrosia
 I - 2 potions of resistance
Miscellaneous
 A - a phial of floods
 U - a box of beasts


   Skills:
 * Level 11.9 Fighting
 + Level 13.0 Maces & Flails
 + Level 7.5 Armour
 + Level 6.8 Dodging
 + Level 6.7 Stealth
 + Level 7.3 Shields
 * Level 12.1 Spellcasting
 + Level 9.3 Conjurations
 + Level 0.9 Hexes
 + Level 0.9 Summonings
 + Level 0.5 Translocations
 + Level 5.2 Transmutations
 * Level 11.5 Fire Magic
 + Level 0.3 Ice Magic
 + Level 2.5 Air Magic
 + Level 1.9 Earth Magic
 + Level 12.9 Poison Magic
 + Level 2.1 Evocations


You had 3 spell levels left.
You knew the following spells:

 Your Spells              Type           Power      Damage    Failure   Level
a - Sting                 Tmut/Pois      100%       1d8       1%          1
b - Mephitic Cloud        Conj/Pois/Air  59%        N/A       1%          3
c - Ignite Poison         Fire/Tmut/Pois 64%        N/A       1%          3
d - Olgreb's Toxic Radia  Pois           74%        N/A       1%          4
e - Blink                 Tloc           N/A        N/A       11%         2
f - Inner Flame           Hex/Fire       51%        N/A       1%          3
g - Call Imp              Summ           22%        N/A       10%         2
h - Sticky Flame          Conj/Fire      66%        2d8       1%          4
i - Bolt of Magma         Conj/Fire/Erth 28%        4d13      3%          5
j - Starburst             Conj/Fire      33%        8x6d10    5%          6
k - Freezing Cloud        Conj/Ice/Air   19%        6-21      13%         5

Your spell library contained the following spells:

 Spells                   Type           Power      Damage    Failure   Level
 Lee's Rapid Deconstruct  Erth           14%        3d10*     28%         5
 Beastly Appendage        Tmut           92%        N/A       1%          1
 Magic Dart               Conj           100%       1d8       1%          1
 Poisonous Vapours        Pois/Air       100%       N/A       1%          2
 Static Discharge         Conj/Air       50%        N/A       1%          2
 Wereblood                Tmut           46%        N/A       1%          2
 Conjure Flame            Conj/Fire      66%        6-21      1%          3
 Spider Form              Tmut/Pois      30%        N/A       1%          3
 Freeze                   Ice            76%        1d9       2%          1
 Corona                   Hex            24%        N/A       6%          1
 Summon Small Mammal      Summ           88%        N/A       6%          1
 Frozen Ramparts          Ice            38%        1d5       7%          3
 Apportation              Tloc           40%        N/A       8%          1
 Corpse Rot               Necr/Air       N/A        N/A       9%          2
 Animate Skeleton         Necr           34%        N/A       10%         1
 Pain                     Necr           68%        1d7       10%         1
 Slow                     Hex            22%        N/A       10%         2
 Portal Projectile        Hex/Tloc       42%        N/A       21%         3
 Ozocubu's Armour         Ice            19%        N/A       24%         3
 Vampiric Draining        Necr           8%         2d7       28%         3
 Hailstorm                Conj/Ice       44%        3d10      3%          4
 Lightning Bolt           Conj/Air       25%        1d41      6%          5
 Ice Form                 Ice/Tmut       32%        N/A       28%         4
 Leda's Liquefaction      Hex/Erth       12%        N/A       45%         4
 Cause Fear               Hex            11%        N/A       52%         4
 Animate Dead             Necr           8%         N/A       67%         4
 Dispel Undead            Necr           17%        3d10      67%         4
 Ignition                 Fire           34%        3d11      77%         8
 Metabolic Englaciation   Hex/Ice        10%        N/A       89%         5
 Agony                    Necr           17%        N/A       95%         5
 Excruciating Wounds      Necr           8%         N/A       95%         5
 Polar Vortex             Ice            9%         N/A       100%        9
 Shatter                  Erth           14%        3d14*     100%        9
 Sublimation of Blood     Necr           Unusable   N/A       N/A         2

Dungeon Overview and Level Annotations

Branches:
Dungeon (15/15)            Temple (1/1) D:7            Lair (6/6) D:11
 Shoals (0/4) Lair:4        Snake (2/4) Lair:4        Slime (0/5) Lair:6
    Orc (2/2) D:11            Elf (2/3) Orc:2        Vaults (0/5) D:14
 Depths (0/5) D:15        Volcano (visited)

Altars:
Ashenzari
Cheibriados
Dithmenos
Elyvilon
Fedhas
Gozag
Hepliaklqana
Kikubaaqudgha
Makhleb
Nemelex Xobeh
Okawaru
Qazlal
Ru
Sif Muna
Trog
Uskayaw
Vehumet
Wu Jian
Xom
Yredelemnul
Zin
The Shining One
Beogh
Jiyva

Shops:
D:4 *   D:12 (   D:14 :   Orc:2 *??(   Elf:1 =:=   Elf:2 [[((*

Portals:
Trove: D:15 (show slimy rune of Zot)

Annotations:
D:12 3 runed translucent doors
Lair:3 2 transporters, exclusion: ice statue, Xiut's ghost, journeyman MiBe; math4jedi's ghost, journeyman MiBe
Lair:6 1 runed translucent door
Elf:1 6 runed translucent doors


Innate Abilities, Weirdness & Mutations

You are immune to sickness and miasma.
Your stone body is resilient. (AC +13)
You are immune to poison.
Your large and strong wings let you fly.
You resist negative energy. (rN+)
You are resistant to electric shocks. (rElec)
You are resistant to unholy torment.
You are immune to petrification.


Message History

The +1 halberd of freezing hits you but does no damage.
You block the +1 halberd of freezing's attack.
The +4 vampiric halberd hits you from afar!
The +1 halberd of freezing barely misses you.
The +4 vampiric halberd completely misses you.
The deep elf zephyrmancer casts a spell at you.
The bolt of lightning misses the +4 vampiric halberd.
The bolt of lightning misses you.
Things that are here:
a +0 rapier; a +0 rapier; a +0 leather armour The +4 vampiric halberd barely misses you.
The +4 vampiric halberd completely misses you.
You block the +4 vampiric halberd's attack.
There is a huge open translucent gate here.
There is a huge open translucent gate here.
The deep elf zephyrmancer casts a spell.
The deep elf zephyrmancer blinks!
Something is blocking the gateway!
The +4 vampiric halberd hits you but does no damage.
The +4 vampiric halberd misses you.
You see here a +1 battleaxe of flaming.
You block the +4 vampiric halberd's attack.
The +1 halberd of freezing hits you from afar!
* * * LOW HITPOINT WARNING * * *
The +1 halberd of freezing freezes you.
* * * LOW HITPOINT WARNING * * *
As you read the scroll of teleportation, it crumbles to dust.
You feel strangely unstable.
The +4 vampiric halberd hits you but does no damage.
You block the +1 halberd of freezing's attack.
The +4 vampiric halberd hits you from afar!
* * * LOW HITPOINT WARNING * * *
Casting: Ignite Poison (safe; 1% risk of failure)
Confirm with . or Enter, or press ? or * to list all spells.
You blink.
The +1 halberd of freezing hits you but does no damage.
The +4 vampiric halberd hits you!
* * * LOW HITPOINT WARNING * * *
The +1 halberd of freezing hits you!
You die...

#...# #.....##). ##.##
#....##### #...# ##..## # #.).#
##..##### ####...#### ##...##..
###....§....####........
#.............#.........
........
#####§§((≈######........
.......# #§≈@≈≈# ##.......
......(## #§§.≈≈# ##.......
........## ##≈§§## ##........
......... #≈.≈# #........)
........ #≈§≈# ##..(.....
#....# ###.### ##e...#.. #...##
####'''''#### ##...###.
##...###......(....###(..## ##
##.....#.............#)....###.


You could see 2 dancing weapons.

Vanquished Creatures
  A deep elf blademaster (Elf:2)
  Kirke (Lair:4)
  Agnes (Snake:1)
  A deep elf sorcerer (Elf:1)
  An orc warlord (Elf:2)
  The ghost of Icun the Thaumaturge, a journeyman GnWr of Okawaru (Snake:1)
  A deep elf demonologist (Elf:1)
  3 dire elephants (Lair:6)
  A red draconian (Volcano)
  3 ettins
  2 deep elf high priests (Elf:1)
  An ice dragon (D:14)
  14 hydras
  A salamander tyrant (Snake:1)
  A yaktaur captain (D:12)
  A rakshasa (D:15)
  An ogre mage (D:15)
  2 boulder beetles
  7 centaur warriors
  4 naga warriors (Snake:1)
  A catoblepas (Lair:6)
  An anaconda (Snake:2)
  8 two-headed ogres
  9 dancing weapons
  The ghost of Kup Begud the Blocker, a journeyman GrFi of Okawaru (Lair:1)
  9 orc high priests
  4 tengu warriors
  2 naga sharpshooters (Snake:1)
  6 death yaks
  Sonja (D:13)
  2 shock serpents (Snake:1)
  2 spectral death yaks (Lair:6)
  11 deep elf knights
  A spectral anaconda (Lair:6)
  5 skeletal warriors
  3 deep trolls
  2 deep elf archers (Elf:1)
  A naga ritualist (Snake:1)
  An obsidian statue (Lair:6)
  A lindwurm (Lair:5)
  22 deep elf pyromancers
  Pikel (D:5)
  15 deep elf zephyrmancers
  4 necromancers (Lair:6)
  12 ugly things
  11 orc knights
  3 mana vipers (Snake:1)
  3 cyclopes
  5 manticores
  A water nymph (shapeshifter) (D:12)
  A dire elephant zombie (Lair:6)
  5 salamanders (Snake:1)
  The ghost of reversiblehash the Chopper, a novice MiBe of Trog (D:4)
  6 naga magi (Snake:1)
  19 elephants
  9 black mambas
  3 gargoyles
  Maurice (D:13)
  A torpor snail (shapeshifter) (D:15)
  14 komodo dragons
  3 efreet
  18 cane toads
  An unseen horror (D:12)
  A kobold demonologist (D:12)
  A dire elephant skeleton (Lair:6)
  2 tengu conjurers (D:15)
  6 rime drakes
  4 yaktaurs
  A guardian mummy (D:15)
  10 trolls
  3 meliai (D:14)
  A polar bear (Lair:6)
  Grinder (D:6)
  3 spectral elephants (Lair:6)
  A wind drake (shapeshifter) (D:14)
  24 blink frogs
  5 slime creatures
  7 water elementals
  An air elemental (Elf:1)
  6 wraiths
  37 yaks
  A dire elephant simulacrum (Lair:6)
  4 fire elementals (Elf:1)
  A hog (Lair:4)
  7 wyverns
  A wyvern (shapeshifter) (D:15)
  A steam dragon (Lair:4)
  7 basilisks
  9 vampire mosquitoes
  2 spectral cane toads (Lair:6)
  Menkaure (D:4)
  7 wargs
  7 nagas
  16 water moccasins
  4 acid dragons
  42 orc warriors
  3 ice beasts
  A swamp drake (Lair:4)
  3 black bears
  Purgy (D:4)
  7 ogres
  A necrophage (D:8)
  18 wolves
  3 elephant skeletons (Lair:6)
  16 centaurs
  2 lemures (D:6)
  A phantom (D:3)
  3 kobold brigands
  11 bullfrogs
  An earth elemental (Elf:1)
  4 gnoll sergeants
  3 cane toad simulacra (Lair:6)
  A scorpion (D:5)
  8 killer bees
  A water moccasin skeleton (D:5)
  2 elephant simulacra (Lair:6)
  A vampire bat (D:3)
  8 wights
  4 howler monkeys
  5 electric eels
  A centaur zombie (D:6)
  A bullfrog zombie (D:5)
  2 jellies
  4 hounds
  36 orc priests
  Crazy Yiuf (D:3)
  2 centaur skeletons
  Jessica (D:3)
  3 iguanas
  17 orc wizards
  4 hell rats (Lair:5)
  Ijyb (D:5)
  A hound skeleton (D:4)
  2 howler monkey zombies
  15 gnolls
  6 adders
  A shadow imp (D:5)
  3 ufetubi
  A worm (D:4)
  A dart slug (D:4)
  3 fire bats (D:3)
  109 orcs
  2 spectral bats (D:3)
  3 bat skeletons (D:3)
  A bat zombie (D:3)
  An endoplasm (D:2)
  5 giant cockroaches
  A goblin (D:4)
  3 hobgoblins
  3 jackals (D:2)
  6 quokkas
  7 ball pythons
  17 bats
  A bat simulacrum (D:3)
  7 frilled lizards
  17 kobolds
  4 rats (D:1)
903 creatures vanquished.

Vanquished Creatures (others)
  A hydra (D:13)
  A deep elf knight (Elf:1)
  A gargoyle (D:13)
  A water elemental (Elf:1)
  2 vampire mosquitoes (D:12)
  3 humans (Lair:4)
  A spectral cane toad (Lair:6)
  2 electric eels (D:13)
  An orc (Elf:1)
  A bush (Lair:5)
  55 fungi
  86 plants
  29 withered plants (Lair:6)
184 creatures vanquished.

Grand Total: 1087 creatures vanquished

Notes
Turn   | Place    | Note
-------+----------+-------------------------------------------
     0 | D:1      | bjtr the Gargoyle Venom Mage began the quest for the Orb.
     0 | D:1      | Reached XP level 1. HP: 10/10 MP: 3/3
   564 | D:1      | Reached XP level 2. HP: 16/16 MP: 3/5
   681 | D:1      | Found a faded altar of an unknown god.
  1085 | D:2      | Reached skill level 1 in Fighting
  1085 | D:2      | Reached XP level 3. HP: 20/20 MP: 4/6
  1211 | D:2      | Reached skill level 1 in Transmutations
  1943 | D:3      | Found a white marble altar of Elyvilon.
  2091 | D:3      | Reached XP level 4. HP: 14/25 MP: 3/7
  2223 | D:3      | Noticed Jessica
  2247 | D:3      | Learned a level 3 spell: Mephitic Cloud
  2251 | D:3      | Learned a level 3 spell: Ignite Poison
  2265 | D:3      | Killed Jessica
  2440 | D:3      | Found a runed translucent door.
  2441 | D:3      | Noticed Crazy Yiuf
  2447 | D:3      | Killed Crazy Yiuf
  2448 | D:3      | Reached XP level 5. HP: 30/30 MP: 0/8
  2703 | D:3      | Reached XP level 6. HP: 24/35 MP: 7/10
  3319 | D:4      | Noticed Purgy
  3331 | D:4      | Found a runed translucent door.
  3332 | D:4      | Noticed reversiblehash's ghost (novice MiBe)
  3362 | D:3      | Reached skill level 5 in Poison Magic
  3490 | D:4      | Noticed Menkaure
  3924 | D:4      | Killed Menkaure
  3925 | D:4      | Reached XP level 7. HP: 41/41 MP: 4/11
  4155 | D:4      | Found Sasozu's Overcharged Wands.
  4344 | D:4      | Killed Purgy
  4345 | D:4      | Reached skill level 1 in Conjurations
  4345 | D:4      | Reached skill level 1 in Air Magic
  4519 | D:5      | Entered Level 5 of the Dungeon
  5399 | D:5      | Reached XP level 8. HP: 20/48 MP: 13/13
  5577 | D:5      | Learned a level 4 spell: Olgreb's Toxic Radiance
  5580 | D:5      | Learned a level 2 spell: Blink
  5835 | D:5      | Reached skill level 1 in Armour
  6641 | D:5      | Noticed Ijyb
  6655 | D:5      | Killed Ijyb
  6881 | D:6      | Reached skill level 1 in Fire Magic
  6903 | D:6      | Noticed Pikel
  7070 | D:6      | Reached skill level 5 in Fighting
  7217 | D:5      | Killed Pikel
  7218 | D:5      | Reached XP level 9. HP: 45/55 MP: 4/15
  7297 | D:6      | Noticed Grinder
  7302 | D:6      | Paralysed by Grinder for 3 turns
  7319 | D:6      | Killed Grinder
  7827 | D:6      | Reached skill level 1 in Shields
  8081 | D:6      | Found a hazy altar of Hepliaklqana.
  9066 | D:7      | Found a staircase to the Ecumenical Temple.
  9075 | Temple   | Entered the Ecumenical Temple
  9390 | Temple   | Became a worshipper of Vehumet
  9721 | D:8      | Found a blossoming altar of Fedhas.
  9754 | D:8      | Reached skill level 5 in Spellcasting
  9850 | D:8      | Identified the amulet "Arimodik" {Acrobat rF+ rC+}
  9867 | D:8      | Reached XP level 10. HP: 60/60 MP: 17/17
 10268 | D:9      | Reached * piety under Vehumet
 10268 | D:9      | Offered knowledge of Foxfire by Vehumet.
 11385 | D:10     | Entered Level 10 of the Dungeon
 11573 | D:10     | Identified the +10 flail of the Nexus {speed, Int+3}
 11711 | D:10     | Reached skill level 1 in Maces & Flails
 11865 | D:10     | Reached skill level 2 in Maces & Flails
 12047 | D:10     | Found a burning altar of Makhleb.
 12331 | D:11     | Identified the +1 leather armour "Xeuceimo" {-Tele Rampage
                  | rN+ Int+6}
 12405 | D:11     | Noticed a boulder beetle
 12418 | D:11     | Killed a boulder beetle
 12418 | D:11     | Reached ** piety under Vehumet
 12419 | D:11     | Reached skill level 3 in Maces & Flails
 12558 | D:11     | Reached skill level 4 in Maces & Flails
 12558 | D:11     | Offered knowledge of Sandblast by Vehumet.
 12559 | D:11     | Reached XP level 11. HP: 66/66 MP: 11/20
 12858 | D:11     | Noticed a manticore
 12862 | D:11     | Killed a manticore
 12989 | D:11     | Found a staircase to the Lair.
 13001 | D:11     | Reached skill level 5 in Maces & Flails
 13347 | D:11     | Found a staircase to the Orcish Mines.
 13387 | D:11     | Offered knowledge of Inner Flame by Vehumet.
 13554 | D:11     | Identified the +0 chain mail "Webudghua" {rElec rC- SInv}
 13813 | D:11     | Learned a level 3 spell: Inner Flame
 13841 | D:11     | Reached *** piety under Vehumet
 13997 | D:12     | Found Pabus's Antique Weapon Emporium.
 14006 | D:12     | Bought a hand crossbow for 108 gold pieces
 14226 | D:12     | Noticed a deep elf pyromancer
 14233 | D:12     | Killed a deep elf pyromancer
 14234 | D:12     | Reached skill level 6 in Maces & Flails
 14238 | D:12     | Reached skill level 5 in Stealth
 14361 | D:12     | Reached skill level 1 in Evocations
 14755 | D:12     | Noticed a seven-headed hydra
 14780 | D:12     | HP: 3/66 [three-headed hydra (10)]
 14784 | D:12     | Killed a one-headed hydra
 14984 | D:12     | Noticed a manticore
 14990 | D:12     | Killed a manticore
 15124 | D:12     | Noticed a red ugly thing
 15181 | D:12     | Killed a red ugly thing
 15182 | D:12     | Reached XP level 12. HP: 71/71 MP: 11/22
 15454 | D:12     | Noticed a seven-headed hydra
 16476 | D:12     | Reached skill level 7 in Maces & Flails
 16546 | D:12     | Offered knowledge of Sticky Flame by Vehumet.
 16550 | D:12     | Learned a level 2 spell: Call Imp
 16551 | D:12     | Found a runed translucent gate.
 16551 | D:12     | Found a runed translucent gate.
 16551 | D:12     | Found a runed translucent gate.
 16555 | D:12     | Noticed an ettin
 16556 | D:12     | Noticed an ettin
 16626 | D:12     | Found a runed translucent gate.
 16626 | D:12     | Found a runed translucent gate.
 16626 | D:12     | Found a runed translucent gate.
 16628 | D:12     | Noticed a yaktaur captain
 17050 | D:12     | Noticed a bunyip
 17050 | D:12     | Noticed a great orb of eyes
 17050 | D:12     | a bunyip changed into a great orb of eyes
 17079 | D:12     | Noticed an alligator
 17079 | D:12     | a goliath frog changed into an alligator
 17132 | D:12     | Noticed a two-headed ogre
 17139 | D:12     | Killed a two-headed ogre
 17140 | D:12     | Reached skill level 5 in Fire Magic
 17140 | D:12     | Killed a one-headed hydra
 17141 | D:12     | Reached skill level 5 in Dodging
 17357 | D:13     | Noticed a centaur warrior
 17371 | D:13     | Killed a centaur warrior
 17372 | D:13     | Reached skill level 5 in Armour
 17446 | D:13     | Killed a five-headed hydra
 17653 | D:13     | Reached skill level 8 in Maces & Flails
 17698 | D:13     | Noticed a centaur warrior
 17739 | D:13     | Noticed a centaur warrior
 17743 | D:13     | Noticed Sonja
 17746 | D:13     | Killed Sonja
 17751 | D:13     | Killed a centaur warrior
 17752 | D:13     | Reached skill level 10 in Poison Magic
 17792 | D:13     | Noticed a centaur warrior
 17812 | D:13     | Killed a centaur warrior
 17913 | D:13     | Noticed a tengu warrior
 17917 | D:13     | Noticed a tengu warrior
 17923 | D:13     | Killed a tengu warrior
 17933 | D:13     | Killed a tengu warrior
 18288 | D:13     | Noticed Maurice
 18296 | D:13     | Killed Maurice
 18297 | D:13     | Reached XP level 13. HP: 76/76 MP: 10/24
 18683 | D:14     | Reached skill level 9 in Maces & Flails
 18685 | D:14     | Reached skill level 5 in Shields
 19001 | D:14     | Found Hewel's Book Shoppe.
 19031 | D:14     | Reached **** piety under Vehumet
 20090 | D:13     | Upgraded the game from 0.27-a0-1319-geec4fb4e21 to
                  | 0.27-a0-1322-gfdffb62a71
 20355 | D:13     | Learned a level 4 spell: Sticky Flame
 20376 | D:14     | Noticed an ice dragon
 20380 | D:14     | Offered knowledge of Dazzling Flash by Vehumet.
 20391 | D:14     | Killed an ice dragon
 20961 | D:14     | Found a gate to the Vaults.
 21455 | D:14     | Found a shimmering blue altar of Sif Muna.
 21479 | D:14     | Reached skill level 10 in Maces & Flails
 21986 | D:15     | Entered Level 15 of the Dungeon
 22131 | D:15     | Noticed a rakshasa
 22342 | D:15     | Gained mutation: Your large and strong wings let you fly.
                  | [Gargoyle growth]
 22342 | D:15     | Reached XP level 14. HP: 70/83 MP: 17/26
 22867 | D:15     | Found a portal to a secret trove of treasure.
 22968 | D:15     | Reached ***** piety under Vehumet
 22968 | D:15     | Offered knowledge of Bolt of Magma by Vehumet.
 23055 | D:15     | Learned a level 5 spell: Bolt of Magma
 23574 | D:15     | Reached skill level 11 in Maces & Flails
 23877 | D:15     | Reached skill level 1 in Earth Magic
 23887 | D:15     | Found a staircase to the Depths.
 24168 | Lair:1   | Entered Level 1 of the Lair of Beasts
 24783 | Lair:1   | Found a runed translucent door.
 24875 | Lair:1   | Noticed Kup Begud's ghost (journeyman GrFi)
 25114 | Lair:1   | Killed Kup Begud's ghost
 25306 | Lair:2   | Found a dark tunnel.
 25311 | Volcano  | Entered a volcano
 25337 | Volcano  | Noticed a red draconian
 25357 | Volcano  | Killed a red draconian
 26775 | Lair:3   | Found a transporter.
 27129 | Lair:3   | Reached XP level 15. HP: 87/89 MP: 22/28
 27195 | Lair:3   | Identified the +5 ring mail of Repulsion {rF+ rN++ Will-}
 27275 | Lair:3   | Noticed Xiut's ghost (journeyman MiBe)
 27349 | Lair:3   | Identified the +9 scimitar of Circularity {vorpal, Fragile
                  | rF+ Str+2}
 27432 | Lair:3   | Found a transporter.
 27434 | Lair:3   | Noticed math4jedi's ghost (journeyman MiBe)
 27909 | D:4      | Killed reversiblehash's ghost
 28216 | D:12     | Offered knowledge of Airstrike by Vehumet.
 28824 | Lair:4   | Noticed Kirke
 28916 | Lair:4   | Found a staircase to the Shoals.
 28932 | Lair:4   | Reached skill level 5 in Conjurations
 29064 | Lair:4   | Killed Kirke
 29378 | Lair:4   | Reached skill level 10 in Spellcasting
 29474 | Lair:4   | Found a staircase to the Snake Pit.
 29685 | Lair:4   | Reached skill level 12 in Maces & Flails
 29772 | Lair:4   | Identified the +3 scale mail of Okawaru's Indignation
                  | {rPois rF+ rCorr Str-3}
 30848 | Lair:5   | Identified the ring "Zeomoxt" {rElec rPois Str+6 SInv}
 32017 | Lair:6   | Entered Level 6 of the Lair of Beasts
 32713 | Lair:6   | Reached XP level 16. HP: 94/96 MP: 30/30
 32956 | Lair:6   | Found a runed translucent door.
 32956 | Lair:6   | Found a viscous altar of Jiyva.
 33060 | Lair:6   | Found a staircase to the Slime Pits.
 33060 | Lair:6   | Noticed an azure jelly
 33061 | Lair:6   | Noticed an azure jelly
 33531 | Lair:6   | Reached skill level 10 in Fighting
 33666 | Lair:6   | Upgraded the game from 0.27-a0-1322-gfdffb62a71 to
                  | 0.27-a0-1324-ge0d8e047f6
 34188 | Lair:6   | Reached skill level 10 in Fire Magic
 34577 | Lair:6   | Identified the amulet "Nudillimp" {rElec rC+ Regen+}
 35456 | Orc:1    | Entered Level 1 of the Orcish Mines
 36249 | Orc:2    | Entered Level 2 of the Orcish Mines
 36453 | Orc:2    | Found a staircase to the Elven Halls.
 36465 | Orc:2    | Reached ****** piety under Vehumet
 36465 | Orc:2    | Offered knowledge of Starburst by Vehumet.
 37146 | Orc:2    | Found Waeffop's Weapon Shoppe.
 37146 | Orc:2    | Found Tuebbone's Assorted Antiques.
 37147 | Orc:2    | Found Hijikhlu's Magic Scroll Emporium.
 37147 | Orc:2    | Found Zamoff's Magic Scroll Shoppe.
 37155 | Orc:2    | Bought a scroll of blinking for 82 gold pieces
 37155 | Orc:2    | Bought a scroll of enchant weapon for 82 gold pieces
 37155 | Orc:2    | Bought a scroll of blinking for 82 gold pieces
 37158 | Orc:2    | Bought a scroll labelled BIJEPPYINY for 21 gold pieces
 37158 | Orc:2    | Bought a wand of acid (5) for 168 gold pieces
 37158 | Orc:2    | Bought a droning book for 315 gold pieces
 37158 | Orc:2    | Bought a wand of iceblast (9) for 84 gold pieces
 37673 | Snake:1  | Entered Level 1 of the Snake Pit
 37697 | Snake:1  | Noticed Agnes
 37712 | Snake:1  | Killed Agnes
 38215 | Snake:1  | Learned a level 6 spell: Starburst
 38367 | Snake:1  | Reached XP level 17. HP: 39/104 MP: 4/31
 39170 | Snake:1  | Found a large runed translucent door.
 39171 | Snake:1  | Found a large runed translucent door.
 39173 | Snake:1  | Noticed Icun's ghost (journeyman GnWr)
 39271 | Snake:1  | Killed Icun's ghost
 39487 | Snake:1  | Identified the +10 war axe of Beogh's Pride {flame, Will+}
 39490 | Snake:1  | Identified the ring "Ciamm" {Contam rF+ rC+ rN+++}
 39597 | Snake:2  | HP: 3/104 [naga sharpshooter/bolt (14)]
 40530 | Elf:1    | Entered Level 1 of the Elven Halls
 40812 | Elf:1    | Offered knowledge of Freezing Cloud by Vehumet.
 40829 | Elf:1    | Learned a level 5 spell: Freezing Cloud
 41400 | Elf:1    | Reached skill level 5 in Transmutations
 41595 | Elf:1    | Found a runed translucent gate.
 41595 | Elf:1    | Found a runed translucent gate.
 41595 | Elf:1    | Found a runed translucent gate.
 41595 | Elf:1    | Found a runed translucent gate.
 41595 | Elf:1    | Found a runed translucent gate.
 41597 | Elf:1    | Found a runed translucent gate.
 41799 | Elf:1    | Found Ecvono's Jewellery Shop.
 41870 | Elf:1    | Found Hobrowae's Book Shoppe.
 41871 | Elf:1    | Found Delergh's Jewellery Shop.
 42521 | Elf:2    | Reached skill level 13 in Maces & Flails
 43160 | Elf:2    | Found Reoffeg's Armour Shop.
 43241 | Elf:2    | Found Hocycyf's Weapon Shop.
 43375 | Elf:2    | Found Ogoguoci's Antique Armour Emporium.
 43384 | Elf:2    | Bought a shiny helmet for 270 gold pieces
 43395 | Elf:2    | Found Otsetu's Weapon Shop.
 43469 | Elf:2    | Found Simom's General Store.
 43476 | Elf:2    | Bought a potion of haste for 130 gold pieces
 43476 | Elf:2    | Bought a wand of acid (5) for 234 gold pieces
 43548 | Elf:2    | Found a huge runed translucent gate.
 43548 | Elf:2    | Found a huge runed translucent gate.
 43553 | Elf:2    | Found a huge runed translucent gate.
 43554 | Elf:2    | Found a huge runed translucent gate.
 43555 | Elf:2    | Found a huge runed translucent gate.
 43759 | Elf:2    | Offered knowledge of Lee's Rapid Deconstruction by Vehumet.
 44382 | Elf:2    | Noticed a deep elf blademaster
 44387 | Elf:2    | Reached XP level 18. HP: 112/112 MP: 19/34
 44395 | Elf:2    | Killed a deep elf blademaster
 44916 | Elf:2    | HP: 3/112 [+4 vampiric halberd (7)]
 44916 | Elf:2    | Mangled by a +1 halberd of freezing

Illustrated notes

Levels and vault maps discovered:
D:1:      roderic_chinese_lattice_arrival, layout_rooms, basic_ecumenical_altar
D:2:      layout_loops_cross, minivault_14,
          hangedman_abyss_or_decor_lesser_grid, grunt_ministairs_14,
          minmay_unequal
D:3:      layout_rooms, elyvilon_altar_3, goddamned_bats, uniq_jessica,
          uniq_crazy_yiuf_cottage
D:4:      layout_cave_pools, hellmonk_ghost_happy_afterlife,
          nicolae_shop_overcharged_wands, uniq_menkaure, uniq_purgy
D:5:      layout_layer_cave, kennysheep_diamond, minmay_lizard_king, uniq_ijyb
D:6:      layout_cave_pools, nzn_hepliaklqana_mist_gate, uniq_pikel,
          uniq_grinder
D:7:      layout_gridville, lemuel_temple_firewalk_b
D:8:      layout_basic, lemuel_doored_altar
D:9:      layout_loops_ring, serial_bayou_lagoon_a
D:10:     layout_roguey, lightli_temple_of_fire
D:11:     layout_stronghold, erik_lair_orcish_takeover, hiddenorc2_lemuel
D:12:     kennysheep_treasure_stockpile, layout_basic, serial_shops,
          nicolae_diamond_shop, grunt_decor_one_mirror
D:13:     layout_loops_ring, lemuel_freeze_loot_1, uniq_maurice, uniq_sonja
D:14:     layout_small_grid, david_vaults_4, led_sif_pool, serial_shops, shop
D:15:     hangedman_depths_entry_civil_slaughter, layout_basic,
          serial_park_square3 [serial_park_minivault_5x5_6],
          nicolae_trove_entry_path_of_doom
Temple:   hc_temple_tempest_star
Lair:1:   layout_regular_city, gammafunk_ghost_grave, grunt_megastairs_1,
          lemuel_fruit_tree
Lair:2:   layout_cave_shapes, enter_volcano_4
Lair:3:   layout_regular_city, nzn_ghost_randoct
Lair:4:   layout_hall_layers, minmay_shoals_entry_centaurs,
          minmay_snake_entry_guardpost_small, guppyfry_lair_drakes,
          infiniplex_staircase_pool, uniq_kirke
Lair:5:   layout_regular_city, beast_lair_carwin_6, grunt_megastairs_4,
          serial_bayou_shore_b
Lair:6:   due_jungle_book, layout_regular_city, slime_altar_2,
          grunt_megastairs_2
Snake:1:  cheibrodos_snake_ritualist_ritual, layout_misc_corridors,
          ebering_ghost_disaster_area, hangedman_snake_thin_pillar_pass,
          nicolae_snake_gridmaze_big_u, drop_trap, abandoned_shop, uniq_agnes
Snake:2:  layout_layer_cave, special_room, minmay_shoptagon, uniq_aizul
Orc:1:    layout_caves, nooodl_orcs_dogs
Orc:2:    st_orc_pillars, layout_caves
Elf:1:    elf_arrival_001, layout_rooms, orc_legates, minmay_shop_grove
Elf:2:    layout_geoelf_grid, special_room [special_room_orc], serial_shops,
          shop, nicolae_square_shop, nicolae_stop_n_shop_1, shop, shop_statue

Skill      XL: |  1  2  3  4  5  6  7  8  9 10 11 12 13 14 15 16 17 |
---------------+----------------------------------------------------+-----
Fighting       | 1 2 3 4 5 6 7 8 9 10 11 | 11.9
Transmutations | 1 2 3 4 5 |  5.2
Poison Magic   | 4 5 6 7 9 10 11 12 | 12.9
Dodging        | 2 3 4 5 6 |  6.8
Spellcasting   | 3 4 5 6 7 8 9 10 12 | 12.1
Conjurations   | 1 2 3 6 8 9 |  9.3
Air Magic      | 1 2 |  2.5
Stealth        | 3 4 5 6 |  6.7
Armour         | 2 3 4 5 6 7 |  7.5
Fire Magic     | 1 2 4 6 7 8 9 10 11 | 11.5
Shields        | 2 4 5 6 7 |  7.3
Maces & Flails | 4 6 8 10 11 12 13 | 13.0
Evocations     | 1 2 |  2.1
Earth Magic    | 1 |  1.9
Hexes          | |  0.9
Summonings     | |  0.9
Translocations | |  0.5
Ice Magic      | |  0.3

Action                   |  1- 3 |  4- 6 |  7- 9 | 10-12 | 13-15 | 16-18 || total
-------------------------+-------+-------+-------+-------+-------+-------++-------
Melee: Short sword       |    57 |       |       |       |       |       ||    57
       Hand axe          |    14 |     9 |       |       |       |       ||    23
       Quarterstaff      |       |   106 |     9 |       |       |       ||   115
       Scimitar          |       |       |   197 |   102 |    88 |       ||   387
       Flail             |       |       |       |   273 |   654 |   805 ||  1732
 Fire: Hand crossbow     |       |       |       |     3 |     7 |    12 ||    22
Throw: Dart              |     6 |       |    15 |       |       |       ||    21
       Throwing net      |       |       |       |     1 |     1 |       ||     2
 Cast: Sting             |    44 |    12 |     9 |     2 |    14 |     4 ||    85
       Mephitic Cloud    |       |     8 |    16 |    19 |     8 |       ||    51
       Ignite Poison     |       |     3 |    12 |    39 |    50 |    69 ||   173
       Olgreb's Toxic Ra |       |       |    10 |    39 |    62 |    82 ||   193
       Inner Flame       |       |       |       |     2 |     7 |     3 ||    12
       Blink             |       |       |       |     1 |     1 |     5 ||     7
       Call Imp          |       |       |       |     1 |     5 |    11 ||    17
       Sticky Flame      |       |       |       |       |    36 |    10 ||    46
       Bolt of Magma     |       |       |       |       |    16 |    47 ||    63
       Starburst         |       |       |       |       |       |     4 ||     4
       Freezing Cloud    |       |       |       |       |       |     2 ||     2
Evoke: Wand              |       |       |       |    14 |     7 |     8 ||    29
  Use: Scroll            |     4 |     2 |     8 |     8 |    12 |    13 ||    47
       Potion            |       |     1 |     1 |     2 |     6 |     5 ||    15
 Stab: Sleeping          |     2 |     2 |       |     5 |     5 |    10 ||    24
       Confused          |       |       |     2 |     3 |       |       ||     5
       Distracted        |       |       |       |     2 |     2 |     1 ||     5
       Invisible         |       |       |       |       |     1 |       ||     1
Armor: Robe              |    36 |   100 |    28 |    21 |       |       ||   185
       Leather armour    |       |       |   126 |       |       |       ||   126
       Acid dragon scale |       |       |       |   192 |   272 |       ||   464
       Scale mail        |       |       |       |       |    97 |   376 ||   473
Dodge: Dodged            |    74 |   142 |   205 |   253 |   515 |   341 ||  1530
Block: Buckler           |       |       |    13 |   117 |   181 |   182 ||   493
       Rpst.: Scimitar   |       |       |    53 |    20 |    10 |       ||    83

Table legend: (Time is in decaauts)
 A = Elapsed time spent in this place.
 B = Non-inter-level travel time spent in this place.
 C = Inter-level travel time spent in this place.
 D = Time resting spent in this place.
 E = Time spent auto-exploring this place.
 F = Levels seen in this place.
 G = Mean time per level.
                   A        B        C        D        E       F      G
               +--------+--------+--------+--------+--------+-----+--------+
         Total |  44420 |  39842 |   4578 |  12541 |  19017 |  29 | 1531.7 |
       Dungeon |  25992 |  22632 |   3360 |   7218 |  11007 |  15 | 1732.8 |
        Temple |    513 |    475 |     38 |    100 |    300 |   1 |  513.0 |
          Lair |   8710 |   7907 |    803 |   1377 |   4846 |   6 | 1451.7 |
     Snake Pit |   2599 |   2525 |     74 |   1256 |    694 |   2 | 1299.5 |
  Orcish Mines |   2501 |   2291 |    210 |    868 |    993 |   2 | 1250.5 |
   Elven Halls |   3647 |   3555 |     92 |   1485 |   1177 |   2 | 1823.5 |
       Volcano |    455 |    455 |      0 |    237 |      0 |   1 |  455.0 |
               +--------+--------+--------+--------+--------+-----+--------+

Top non-repeatable levels by time:
    D:12: 3157 daAuts
    D:11: 2615 daAuts
  Lair:6: 2598 daAuts
 Snake:1: 2574 daAuts
     D:5: 2495 daAuts
    D:14: 2230 daAuts
    D:13: 2193 daAuts
    D:15: 2075 daAuts
     D:3: 1914 daAuts
   Elf:2: 1840 daAuts
   Elf:1: 1806 daAuts
   Orc:2: 1725 daAuts
  Lair:5: 1597 daAuts
     D:7: 1595 daAuts
     D:9: 1533 daAuts
